 Dungeon Crawl Stone Soup version 0.24-a0-484-g962a3eeff7 (webtiles) character file.

Game seed: 16106755030331412151

1073 ChocolateEater the Digger (level 8, 0/43 HPs)
             Began as a Gargoyle Earth Elementalist on July 9, 2019.
             Was a Believer of Vehumet.
             Shot with an arrow by a centaur (7 damage)
             ... on level 6 of the Dungeon.
             The game lasted 00:11:52 (4510 turns).

ChocolateEater the Digger (GrEE)                    Turns: 4510, Time: 00:11:53

Health: 0/43       AC:  8    Str: 12    XL:     8   Next: 29%
Magic:  12/15      EV: 12    Int: 18    God:    Vehumet [**....]
Gold:   276        SH:  0    Dex: 10    Spells: 4/16 levels left

rFire    . . .     SeeInvis .   v - +0 rapier (venom)
rCold    . . .     Gourm    .   (no shield)
rNeg     + . .     Faith    .   c - +1 robe
rPois    ∞         Spirit   .   (no helmet)
rElec    +         Reflect  .   (no cloak)
rCorr    .         Harm     .   (no gloves)
MR       .....                  (no boots)
Stlth    ++........             (no amulet)
HPRegen  0.14/turn              g - ring of wizardry
MPRegen  0.14/turn              (no ring)

@: no status effects
A: negative energy resistance 1, electricity resistance, unbreathing,
petrification resistance, rot immunity, AC +5
a: Renounce Religion


You were on level 6 of the Dungeon.
You worshipped Vehumet.
Vehumet was pleased with you.
You were not hungry.

You visited 1 branch of the dungeon, and saw 6 of its levels.

You collected 276 gold pieces.

Inventory:

Hand Weapons
 i - a +0 flail
 j - a +3 mace
 l - a cursed +0 morningstar
 v - a +0 rapier of venom (weapon)
Missiles
 b - 126 stones (quivered)
Armour
 c - a +1 robe (worn)
Jewellery
 g - a ring of wizardry (left hand)
 p - an uncursed amulet of rage
Wands
 o - a wand of digging (5)
Scrolls
 f - 2 scrolls of teleportation
 m - a scroll of fog
 q - a scroll of amnesia
 r - a scroll of magic mapping
 s - 2 scrolls of immolation
Potions
 e - a potion of brilliance
 h - a potion of haste
 k - 4 potions of curing
 n - a potion of lignification
 t - a potion of magic
 w - a potion of ambrosia
Comestibles
 d - 11 rations
 u - 6 chunks of flesh


   Skills:
 + Level 1.6 Fighting
 + Level 1.6 Maces & Flails
 + Level 1.7 Armour
 + Level 2.1 Dodging
 - Level 2.1 Stealth
 + Level 4.9 Spellcasting
 + Level 4.7 Conjurations
   Level 0.7 Transmutations
 + Level 7.0 Earth Magic
 + Level 1.4 Evocations


You had 4 spell levels left.
You knew the following spells:

 Your Spells              Type           Power        Failure   Level  Hunger
a - Sandblast             Erth           ####..       1%          1    None
b - Stone Arrow           Conj/Erth      ####..       1%          3    ###....
c - Lee's Rapid Deconstr  Erth           ####......   9%          5    ######.
d - Mephitic Cloud        Conj/Pois/Air  ##......     9%          3    ###....

Your spell library contained the following spells:

 Spells                   Type           Power        Failure   Level  Hunger
 Flame Tongue             Conj/Fire      ##...        1%          1    None
 Magic Dart               Conj           ###.         1%          1    None
 Passwall                 Tmut/Erth      ###.....     1%          2    #......
 Corona                   Hex            #......      6%          1    None
 Conjure Flame            Conj/Fire      ##......     6%          3    ###....
 Dazzling Spray           Conj/Hex       ##....       6%          3    ###....
 Blink                    Tloc           N/A          9%          2    #......
 Call Imp                 Summ           #.......     9%          2    #......
 Ensorcelled Hibernation  Hex/Ice        #.....       9%          2    #......
 Slow                     Hex            #.......     9%          2    #......
 Petrify                  Tmut/Erth      ###.....     11%         4    ####...
 Confuse                  Hex            #.......     16%         3    ###....
 Tukima's Dance           Hex            #.......     16%         3    ###....


Dungeon Overview and Level Annotations

Branches:
Dungeon (6/15)
 Temple: D:4-7

Altars:
Gozag
Hepliaklqana
Okawaru
Qazlal
Vehumet


Innate Abilities, Weirdness & Mutations

You are resistant to torment.
Your stone body is resilient. (AC +5)
You are immune to poison.
You resist negative energy. (rN+)
You are resistant to electric shocks. (rElec)
You can survive without breathing.
You are immune to petrification.
You are immune to rotting.


Message History

Aim: a bullfrog (severely wounded)
The blast of sand hits the bullfrog!
You kill the bullfrog!
Vehumet accepts your kill.
b - 127 stones The centaur shoots an arrow.
The arrow closely misses you.
Casting: Sandblast (safe; 1% risk of failure)
Confirm with . or Enter, or press ? or * to list all spells.
Aiming: Sandblast (safe; 1% risk of failure)
Press: ? - help, Shift-Dir - straight line, f - centaur
Aim: a centaur, wielding a +0 shortbow The blast of sand hits the centaur!
The centaur is moderately wounded.
b - 126 stones The centaur shoots an arrow.
The arrow hits you.
* * * LOW HITPOINT WARNING * * *
The centaur shoots an arrow.
The arrow hits you.
* * * LOW HITPOINT WARNING * * *
You feel better.
The centaur shoots an arrow.
The arrow hits you!
You die...

.# #.# #.# ..
###.# #. ##...#
#. ##..#.# ##.
###.(#..#
#..##.....<.#
####..#@.#..##.#
#....c†.#..###.#
.....#(.#.## #.#
..## ##...# #.#
#...## #.#
#....# #.#
#..##.. #.# ...#
##.# #.# #.## ..


You could see a centaur.

Vanquished Creatures
  A sky beast (D:2)
  A necrophage (D:3)
  An ogre (D:5)
  A bullfrog (D:6)
  2 scorpions
  A crimson imp (D:5)
  2 hounds
  3 orc priests
  3 orc wizards
  A bullfrog skeleton (D:5)
  An iguana (D:5)
  4 worker ants
  7 gnolls
  8 adders
  A howler monkey skeleton (D:4)
  A worm (D:3)
  2 dart slugs
  2 leopard geckos (D:3)
  9 orcs
  12 bats
  2 giant cockroaches
  4 goblins
  8 hobgoblins
  4 jackals (D:3)
  A quokka (D:5)
  7 frilled lizards
  A jackal skeleton (D:4)
  3 kobolds (D:1)
  8 rats
101 creatures vanquished.

Notes
Turn   | Place    | Note
-------+----------+-------------------------------------------
     0 | D:1      | ChocolateEater the Gargoyle Earth Elementalist began the
                  | quest for the Orb.
     0 | D:1      | Reached XP level 1. HP: 10/10 MP: 3/3
   239 | D:1      | Reached skill level 4 in Earth Magic
   239 | D:1      | Reached XP level 2. HP: 15/15 MP: 0/5
   751 | D:2      | Reached XP level 3. HP: 13/19 MP: 6/6
   756 | D:2      | Learned a level 3 spell: Stone Arrow
  1130 | D:2      | Noticed a sky beast
  1715 | D:2      | Found a hazy altar of Hepliaklqana.
  1737 | D:2      | Killed a sky beast
  1737 | D:2      | Reached skill level 5 in Earth Magic
  1737 | D:2      | Reached XP level 4. HP: 22/24 MP: 2/9
  1737 | D:2      | Reached XP level 5. HP: 26/28 MP: 2/10
  1867 | D:2      | Found an opulent altar of Gozag.
  1874 | D:2      | Learned a level 5 spell: Lee's Rapid Deconstruction
  1876 | D:2      | Found an iron altar of Okawaru.
  1886 | D:2      | Found a radiant altar of Vehumet.
  1897 | D:2      | Became a worshipper of Vehumet
  2450 | D:3      | Reached XP level 6. HP: 31/32 MP: 6/11
  2535 | D:3      | Noticed a necrophage
  2540 | D:3      | Killed a necrophage
  2540 | D:3      | Reached skill level 6 in Earth Magic
  2648 | D:3      | Reached * piety under Vehumet
  2648 | D:3      | Offered knowledge of Sting by Vehumet.
  3136 | D:4      | Reached XP level 7. HP: 36/36 MP: 9/13
  3290 | D:4      | Found a stormy altar of Qazlal.
  3568 | D:4      | Learned a level 3 spell: Mephitic Cloud
  3717 | D:5      | Entered Level 5 of the Dungeon
  4075 | D:5      | Reached skill level 1 in Maces & Flails
  4159 | D:5      | Reached skill level 1 in Fighting
  4159 | D:5      | Reached skill level 1 in Armour
  4177 | D:5      | Offered knowledge of Flame Tongue by Vehumet.
  4177 | D:5      | Reached skill level 1 in Evocations
  4177 | D:5      | Reached XP level 8. HP: 43/43 MP: 13/15
  4225 | D:5      | Reached ** piety under Vehumet
  4408 | D:5      | Reached skill level 7 in Earth Magic
  4509 | D:6      | HP: 1/43 [centaur/arrow (4)]
  4510 | D:6      | Shot with an arrow by a centaur

Levels and vault maps discovered:
D:1:      dpeg_arrival_round_c, layout_basic
D:2:      layout_basic, grunt_temple_overflow_cloverleaf, first_ration
D:3:      layout_basic
D:4:      layout_cave_pools, grunt_qazlal_clouds
D:5:      layout_basic
D:6:      layout_rooms, basic_altar, uniq_eustachio

Skill      XL: |  1  2  3  4  5  6  7  8 |
---------------+-------------------------+-----
Earth Magic    | 4 5 6 7 |  7.0
Spellcasting   | 3 4 |  4.9
Conjurations   | 2 3 4 |  4.7
Maces & Flails | 1 |  1.6
Fighting       | 1 |  1.6
Armour         | 1 |  1.7
Evocations     | 1 |  1.4
Dodging        | 2 |  2.1
Stealth        | |  2.1
Transmutations | |  0.7

Action                   |  1- 3 |  4- 6 |  7- 9 || total
-------------------------+-------+-------+-------++-------
Melee: Club              |    85 |       |       ||    85
       Mace              |    28 |   111 |    66 ||   205
       Rapier            |       |       |     3 ||     3
 Cast: Sandblast         |    17 |    20 |    42 ||    79
  Use: Scroll            |     9 |     3 |     6 ||    18
       Potion            |     2 |       |     1 ||     3
 Stab: Sleeping          |     6 |     2 |     1 ||     9
       Distracted        |       |     2 |       ||     2
  Eat: Chunk             |     3 |     5 |     4 ||    12
Armor: Robe              |    45 |    61 |    35 ||   141
Dodge: Dodged            |   102 |   108 |    78 ||   288

Table legend:
 A = Non-vault XP
 B = Vault XP
 C = Vault XP percentage of total XP
 D = Non-vault monster count
 E = Vault monster count
 F = Vault count percentage of total count
                 A         B        C        D         E       F
            +---------+---------+-------+---------+---------+-------
      Total |    1534 |       0 |   0.0 |     101 |       0 |   0.0
            +---------+---------+-------+---------+---------+-------
        D:1 |      33 |       0 |   0.0 |      20 |       0 |   0.0
        D:2 |     196 |       0 |   0.0 |      17 |       0 |   0.0
        D:3 |     323 |       0 |   0.0 |      32 |       0 |   0.0
        D:4 |     371 |       0 |   0.0 |      18 |       0 |   0.0
        D:5 |     523 |       0 |   0.0 |      13 |       0 |   0.0
        D:6 |      88 |       0 |   0.0 |       1 |       0 |   0.0
            +---------+---------+-------+---------+---------+-------
